General information
- name: BNet
- type: Ladder team game (AT/RT)
- host: Battle.net
- saver: dignitates
map: GoldRush
- players: 8
- length: 17:20
- speed: Fast
- version: 1.24 W3XP
- replay type: Public
» download(209 KB)
Players
team 1 (loser)
Lilienthal (
blue | 107 APM | 1856 actions | 17:19)
3 Blood Mage
2 Flame Strike
1 Siphon Mana
» actions
| Assign group hotkey | 129 | |
| Basic commands | 49 | |
| Build / train | 115 | |
| Enter build submenu | 28 | |
| Enter hero's abilities submenu | 3 | |
| Give item / drop item | 1 | |
| Remove unit from queue | 3 | |
| Right click | 669 | |
| Select / deselect | 337 | |
| Select group hotkey | 434 | |
| Use ability | 88 | |
1856 total
» units
| Peasant | 28 | |
| Footman | 20 | |
| Mortar Team | 5 | |
| Knight | 1 | |
| Siege Engine | 4 | |
58 total
» upgrades
| Defend | 1 | |
| Masonry | 1 | |
| Lumber Harvesting | 1 | |
| Gunpowder | 2 | |
| Fragmentation Shards | 1 | |
| Barrage | 2 | |
8 total
» buildings
| Altar of Kings | 1 | |
| Barracks | 1 | |
| Farm | 10 | |
| Scout Tower | 7 | |
| Arcane Tower | 3 | |
| Town Hall | 1 | |
| Arcane Vault | 1 | |
| Lumber Mill | 1 | |
| Keep | 2 | |
| Guard Tower | 7 | |
| Blacksmith | 1 | |
| Castle | 3 | |
| Workshop | 3 | |
41 total
» build order
00:06 Altar of Kings
00:20 Barracks
00:35 Farm
01:05 Farm
01:34 Scout Tower
01:38 Farm
02:08 Arcane Tower
02:08 Arcane Tower
02:54 Farm
04:01 Town Hall
04:16 Arcane Vault
04:22 Scout Tower
05:03 Arcane Tower
05:25 Lumber Mill
05:37 Scout Tower
06:23 Keep
06:23 Keep
06:43 Farm
06:44 Farm
07:42 Guard Tower
07:45 Scout Tower
07:45 Scout Tower
07:48 Blacksmith
08:14 Farm
08:14 Farm
08:37 Guard Tower
08:37 Guard Tower
08:48 Castle
08:48 Castle
09:06 Workshop
10:23 Workshop
10:49 Farm
10:56 Scout Tower
11:04 Scout Tower
11:29 Guard Tower
12:58 Workshop
13:16 Farm
15:00 Guard Tower
» items
| Scroll of Regeneration | 6 | |
| Lesser Clarity Potion | 2 | |
| Scroll of Town Portal | 6 | |
| Potion of Healing | 1 | |
| Staff of Sanctuary | 3 | |
| Mechanical Critter | 1 | |
19 total
deat.h (
green | 64 APM | 1065 actions | 16:36)
3 Blademaster
1 Wind Walk
2 Critical Strike
» actions
| Build / train | 59 | |
| Enter build submenu | 39 | |
| Enter hero's abilities submenu | 3 | |
| Give item / drop item | 4 | |
| Remove unit from queue | 6 | |
| Right click | 468 | |
| Select / deselect | 397 | |
| Use ability | 89 | |
1065 total
» units
| Peon | 16 | |
| Grunt | 2 | |
| Troll Batrider | 14 | |
| Wind Rider | -1 | |
31 total
» upgrades
» buildings
| Altar of Storms | 2 | |
| Orc Burrow | 10 | |
| Barracks | 1 | |
| War Mill | 2 | |
| Voodoo Lounge | 1 | |
| Watch Tower | 10 | |
| Great Hall | 2 | |
| Stronghold | 1 | |
| Beastiary | 3 | |
| Fortress | 1 | |
| Spirit Lodge | 1 | |
34 total
» build order
00:09 Altar of Storms
00:20 Orc Burrow
00:50 Barracks
01:31 Orc Burrow
01:42 War Mill
02:01 Voodoo Lounge
02:56 Watch Tower
03:00 Watch Tower
03:54 Great Hall
03:59 Great Hall
04:04 Watch Tower
04:44 Stronghold
04:58 Watch Tower
05:11 Orc Burrow
05:31 Watch Tower
05:41 Watch Tower
06:15 Orc Burrow
06:54 Watch Tower
07:06 Beastiary
07:21 Beastiary
07:45 Beastiary
08:00 Orc Burrow
09:19 Orc Burrow
09:21 Orc Burrow
09:40 Fortress
09:58 Orc Burrow
10:17 War Mill
11:08 Watch Tower
11:09 Watch Tower
12:13 Watch Tower
12:49 Orc Burrow
13:05 Orc Burrow
15:04 Spirit Lodge
16:32 Altar of Storms
» items
| Healing Salve | 2 | |
| Scroll of Speed | 2 | |
| Lesser Clarity Potion | 2 | |
| Potion of Healing | 3 | |
| Potion of Mana | 2 | |
| Boots of Speed | 1 | |
| Staff of Teleportation | 1 | |
13 total
Link_13 (
red | 110 APM | 1827 actions | 16:34)
3 Mountain King
2 Storm Bolt
1 Bash
2 Paladin
1 Holy Light
1 Divine Shield
» actions
| Assign group hotkey | 287 | |
| Build / train | 73 | |
| Enter build submenu | 21 | |
| Enter hero's abilities submenu | 5 | |
| Remove unit from queue | 2 | |
| Right click | 832 | |
| Select / deselect | 344 | |
| Select group hotkey | 206 | |
| Use ability | 57 | |
1827 total
» units
| Peasant | 33 | |
| Rifleman | 8 | |
| Gryphon Rider | 7 | |
| Knight | 3 | |
51 total
» upgrades
| Gunpowder | 0 | |
| Armor | 1 | |
| Lumber Harvesting | 2 | |
| Swords | 2 | |
5 total
» buildings
| Farm | 9 | |
| Altar of Kings | 1 | |
| Blacksmith | 1 | |
| Barracks | 1 | |
| Keep | 1 | |
| Town Hall | 1 | |
| Lumber Mill | 1 | |
| Arcane Vault | 1 | |
| Castle | 1 | |
| Gryphon Aviary | 4 | |
21 total
» build order
00:23 Farm
00:44 Altar of Kings
00:49 Blacksmith
01:07 Barracks
01:27 Farm
02:04 Farm
03:31 Farm
04:18 Keep
05:04 Town Hall
06:41 Lumber Mill
06:47 Arcane Vault
08:22 Castle
08:23 Gryphon Aviary
09:09 Gryphon Aviary
09:41 Gryphon Aviary
10:02 Gryphon Aviary
10:05 Farm
10:55 Farm
10:57 Farm
11:23 Farm
13:00 Farm
» items
| Potion of Healing | 1 | |
| Healing Salve | 1 | |
| Lesser Clarity Potion | 1 | |
| Orb of Lightning | 2 | |
5 total
Stolik1010 (
teal | 129 APM | 2179 actions | 16:56)
3 Paladin
2 Holy Light
1 Devotion Aura
1 Mountain King
1 Storm Bolt
» actions
| Assign group hotkey | 34 | |
| Basic commands | 1 | |
| Build / train | 71 | |
| ESC pressed | 2 | |
| Enter build submenu | 32 | |
| Enter hero's abilities submenu | 4 | |
| Give item / drop item | 2 | |
| Right click | 999 | |
| Select / deselect | 290 | |
| Select group hotkey | 677 | |
| Use ability | 66 | |
2179 total
» units
| Peasant | 23 | |
| Footman | 11 | |
| Knight | 6 | |
40 total
» upgrades
| Lumber Harvesting | 1 | |
| Swords | 2 | |
| Plating | 2 | |
| Animal War Training | 1 | |
| Masonry | 1 | |
7 total
» buildings
| Altar of Kings | 1 | |
| Farm | 11 | |
| Barracks | 3 | |
| Scout Tower | 6 | |
| Arcane Tower | 1 | |
| Arcane Vault | 1 | |
| Lumber Mill | 1 | |
| Keep | 1 | |
| Blacksmith | 1 | |
| Guard Tower | 2 | |
| Town Hall | 1 | |
| Castle | 1 | |
30 total
» build order
00:05 Altar of Kings
00:06 Farm
00:17 Barracks
00:45 Farm
01:35 Farm
01:55 Scout Tower
02:26 Arcane Tower
03:01 Arcane Vault
03:08 Farm
03:41 Lumber Mill
04:10 Keep
04:31 Blacksmith
05:03 Scout Tower
05:06 Scout Tower
05:07 Scout Tower
05:42 Guard Tower
05:45 Town Hall
05:52 Scout Tower
05:53 Scout Tower
06:04 Farm
06:28 Guard Tower
07:54 Castle
08:38 Barracks
08:40 Barracks
10:52 Farm
10:53 Farm
10:54 Farm
10:55 Farm
10:57 Farm
14:10 Farm
» items
| Scroll of Regeneration | 1 | |
| Scroll of Town Portal | 4 | |
| Staff of Sanctuary | 1 | |
| Lesser Clarity Potion | 2 | |
8 total
team 2 (winner)

»
dignitates (
pink | 98 APM | 1691 actions | 17:20)
5 Archmage
3 Summon Water Elemental
2 Brilliance Aura
2 Mountain King
1 Storm Bolt
1 Bash
3 Paladin
2 Holy Light
1 Divine Shield
» actions
| Assign group hotkey | 18 | |
| Basic commands | 8 | |
| Build / train | 86 | |
| ESC pressed | 1 | |
| Enter build submenu | 23 | |
| Enter hero's abilities submenu | 10 | |
| Give item / drop item | 6 | |
| Right click | 559 | |
| Select / deselect | 564 | |
| Select group hotkey | 325 | |
| Use ability | 91 | |
1691 total
» units
| Peasant | 24 | |
| Footman | 5 | |
| Mortar Team | 4 | |
| Siege Engine | 2 | |
| Flying Machine | 1 | |
36 total
» upgrades
| Masonry | 3 | |
| Lumber Harvesting | 2 | |
| Fragmentation Shards | 1 | |
| Flare | 1 | |
| Barrage | 1 | |
| Gunpowder | 3 | |
| Flak Cannons | 1 | |
| Plating | 1 | |
| Flying Machine Bombs | 1 | |
14 total
» buildings
| Altar of Kings | 2 | |
| Barracks | 1 | |
| Farm | 8 | |
| Town Hall | 2 | |
| Arcane Vault | 1 | |
| Lumber Mill | 1 | |
| Keep | 1 | |
| Scout Tower | 3 | |
| Guard Tower | 1 | |
| Castle | 1 | |
| Blacksmith | 1 | |
| Arcane Tower | 1 | |
| Workshop | 3 | |
26 total
» build order
00:07 Altar of Kings
00:08 Altar of Kings
00:20 Barracks
00:35 Farm
00:50 Farm
02:12 Farm
02:54 Town Hall
03:13 Arcane Vault
04:36 Lumber Mill
04:38 Keep
05:06 Scout Tower
05:06 Scout Tower
05:10 Scout Tower
05:46 Guard Tower
05:50 Town Hall
07:06 Castle
07:10 Blacksmith
07:13 Farm
07:31 Farm
07:33 Farm
07:36 Arcane Tower
07:59 Workshop
08:48 Workshop
08:52 Workshop
09:07 Farm
09:08 Farm
» items
| Scroll of Regeneration | 5 | |
| Lesser Clarity Potion | 4 | |
| Scroll of Town Portal | 3 | |
| Potion of Healing | 4 | |
| Staff of Sanctuary | 1 | |
| Staff of Preservation | 1 | |
| Scroll of Healing | 1 | |
19 total
ARKA. (
purple | 128 APM | 2221 actions | 17:19)
5 Death Knight
3 Death Coil
2 Unholy Aura
3 Lich
2 Frost Nova
1 Frost Armor
» actions
| Assign group hotkey | 130 | |
| Basic commands | 69 | |
| Build / train | 76 | |
| Enter build submenu | 21 | |
| Enter hero's abilities submenu | 8 | |
| Give item / drop item | 5 | |
| Remove unit from queue | 5 | |
| Right click | 924 | |
| Select / deselect | 475 | |
| Select group hotkey | 403 | |
| Use ability | 105 | |
2221 total
» units
| Acolyte | 10 | |
| Ghoul | 5 | |
| Crypt Fiend | 9 | |
| Frost Wyrm | 5 | |
29 total
» upgrades
| Backpack | 0 | |
| Creature Attack | 1 | |
| Burrow | 1 | |
| Creature Carapace | 2 | |
| Web | 1 | |
| Freezing Breath | 1 | |
6 total
» buildings
| Graveyard | 1 | |
| Crypt | 2 | |
| Altar of Darkness | 1 | |
| Ziggurat | 9 | |
| Tomb of Relics | 1 | |
| Nerubian Tower | 1 | |
| Halls of the Dead | 3 | |
| Necropolis | 1 | |
| Black Citadel | 2 | |
| Sacrificial Pit | 1 | |
| Boneyard | 3 | |
25 total
» build order
00:07 Graveyard
00:11 Crypt
00:41 Altar of Darkness
00:52 Ziggurat
01:08 Tomb of Relics
01:52 Ziggurat
03:31 Ziggurat
04:56 Nerubian Tower
05:25 Halls of the Dead
05:25 Halls of the Dead
05:46 Necropolis
05:47 Ziggurat
05:50 Ziggurat
06:01 Crypt
06:21 Ziggurat
08:41 Black Citadel
08:42 Black Citadel
09:55 Sacrificial Pit
10:15 Ziggurat
12:18 Boneyard
12:18 Boneyard
12:24 Boneyard
12:28 Ziggurat
12:29 Ziggurat
» items
| Rod of Necromancy | 3 | |
| Sacrificial Skull | 1 | |
| Dust of Appearance | 1 | |
| Scroll of Town Portal | 2 | |
| Potion of Healing | 1 | |
| Scroll of Healing | 1 | |
| Potion of Lesser Invulnerability | 1 | |
10 total
CharlieBronson (
yellow | 199 APM | 3455 actions | 17:19)
4 Death Knight
2 Death Coil
2 Unholy Aura
3 Lich
2 Frost Nova
1 Frost Armor
» actions
| Assign group hotkey | 56 | |
| Basic commands | 81 | |
| Build / train | 77 | |
| Enter build submenu | 14 | |
| Enter hero's abilities submenu | 7 | |
| Give item / drop item | 1 | |
| Remove unit from queue | 2 | |
| Right click | 1145 | |
| Select / deselect | 410 | |
| Select group hotkey | 1554 | |
| Use ability | 108 | |
3455 total
» units
| Acolyte | 9 | |
| Ghoul | 5 | |
| Crypt Fiend | 10 | |
| Obsidian Statue | 5 | |
29 total
» upgrades
| Creature Attack | 3 | |
| Creature Carapace | 1 | |
| Web | 1 | |
| Burrow | 1 | |
| Destroyer Form | 1 | |
7 total
» buildings
| Crypt | 1 | |
| Graveyard | 1 | |
| Altar of Darkness | 1 | |
| Ziggurat | 7 | |
| Tomb of Relics | 1 | |
| Nerubian Tower | 1 | |
| Halls of the Dead | 4 | |
| Slaughterhouse | 2 | |
| Black Citadel | 4 | |
22 total
» build order
00:05 Crypt
00:08 Graveyard
00:39 Altar of Darkness
00:55 Ziggurat
01:23 Tomb of Relics
01:57 Ziggurat
02:33 Nerubian Tower
03:38 Halls of the Dead
03:39 Halls of the Dead
03:39 Halls of the Dead
04:37 Ziggurat
05:14 Ziggurat
06:22 Slaughterhouse
09:58 Ziggurat
09:58 Ziggurat
10:19 Ziggurat
10:40 Black Citadel
10:41 Black Citadel
10:41 Black Citadel
11:13 Slaughterhouse
» items
| Rod of Necromancy | 4 | |
| Dust of Appearance | 3 | |
| Potion of Mana | 1 | |
| Scroll of Town Portal | 1 | |
| Potion of Healing | 3 | |
| Orb of Corruption | 1 | |
13 total
elwolfo (
orange | 67 APM | 1165 actions | 17:19)
6 Demon Hunter
3 Immolation
2 Evasion
1 Metamorphosis
» actions
| Assign group hotkey | 44 | |
| Basic commands | 4 | |
| Build / train | 51 | |
| Enter build submenu | 28 | |
| Enter hero's abilities submenu | 7 | |
| Give item / drop item | 3 | |
| Right click | 483 | |
| Select / deselect | 205 | |
| Select group hotkey | 276 | |
| Use ability | 64 | |
1165 total
» units
» upgrades
| Strength of the Wild | 2 | |
| Sentinel | 1 | |
| Druid of the Talon Training | 1 | |
| Corrosive Breath | 1 | |
5 total
» buildings
| Altar of Elders | 2 | |
| Moon Well | 10 | |
| Hunter's Hall | 1 | |
| Ancient of War | 1 | |
| Ancient Protector | 4 | |
| Tree of Ages | 1 | |
| Ancient of Wonders | 1 | |
| Tree of Eternity | 1 | |
| Ancient of Wind | 1 | |
| Chimaera Roost | 2 | |
| Tree of Life | 1 | |
25 total
» build order
00:13 Altar of Elders
00:18 Moon Well
01:47 Hunter's Hall
01:50 Ancient of War
01:55 Moon Well
02:57 Ancient Protector
03:14 Moon Well
04:49 Tree of Ages
05:18 Ancient of Wonders
06:56 Moon Well
07:35 Tree of Eternity
07:44 Ancient of Wind
08:16 Moon Well
09:24 Ancient Protector
09:27 Ancient Protector
09:30 Ancient Protector
10:54 Chimaera Roost
10:57 Chimaera Roost
11:00 Moon Well
11:48 Moon Well
11:52 Moon Well
11:59 Moon Well
12:31 Altar of Elders
12:33 Moon Well
16:37 Tree of Life
» items
| Potion of Healing | 2 | |
| Scroll of Town Portal | 1 | |
| Orb of Venom | 1 | |
| Lesser Clarity Potion | 1 | |
| Anti-magic Potion | 1 | |
6 total
Chat log
(00:20 / Allies) ARKA.: hi
(00:43 / Allies) dignitates: yo
(00:53 / Allies) ARKA.: ty
(00:57 / Allies) ARKA.: exe
(00:58 / Allies) ARKA.: for me
(01:01 / Allies) dignitates: mortar copter tank
(01:02 / Allies) ARKA.: frost later
(01:02 / Allies) dignitates: for me
(01:35 / Allies) ARKA.: no ft plz ne
(04:15 / Allies) ARKA.: bronson units?
(04:32 / All) elwolfo: that doesnt work that good
(04:34 / All) elwolfo: :S
(04:44 / Allies) dignitates: take
(04:49 / Allies) ARKA.: Go t2
(05:57 / Allies) dignitates: omw yellow
(06:03 / Allies) dignitates: gogo
(06:06 / Allies) ARKA.: omw yellow
(06:07 / Allies) ARKA.: :D
(07:42 / All) ARKA.: -,-
(08:19 / Allies) ARKA.: i try to come^^
(08:50 / Allies) ARKA.: dont tp yellow
(08:57 / Allies) CharlieBronson: lol
(10:04 / Allies) CharlieBronson: give me share ud
(10:14 / Allies) dignitates: wood pls
(10:27 / Allies) dignitates: use gold orange
(12:01 / Allies) elwolfo: help fast
(12:27 / Allies) elwolfo: ty
(12:53 / Allies) ARKA.: wooD?
(14:01 / Allies) ARKA.: gold?
(14:09 / Allies) ARKA.: digni plz
(14:10 / Allies) ARKA.: =)
(14:40 / Allies) ARKA.: one tp
(15:23 / Allies) ARKA.: im here
(15:41 / Allies) CharlieBronson: stay
(15:43 / Allies) CharlieBronson: i come
(16:53 / All) Stolik1010: what the noob lose
(16:58 / All) ARKA.: yes